 Dungeon Crawl Stone Soup version 0.28.0-43-g3370ac3207 (webtiles) character file.

Game seed: 2124288280494366124

799 Faeu the Skirmisher (level 7, -6/63 HPs)
             Began as a Minotaur Fighter on Mar 19, 2022.
             Was a Plaything of Xom.
             Mangled by an ogre
             ... wielding a +0 giant club
              (10 damage)
             ... on level 6 of the Dungeon.
             The game lasted 00:29:33 (4769 turns).

Faeu the Skirmisher (Minotaur Fighter)              Turns: 4769, Time: 00:29:34

Health: -6/63      AC: 17    Str: 29    XL:     7   Next: 59%
Magic:  6/6        EV:  8    Int:  5    God:    Xom [..*...]
Gold:   256        SH:  5    Dex:  9    Spells: 6/6 levels left

rFire   . . .      SeeInvis .   a - +0 long sword {long}
rCold   . . .      Faith    .   c - +0 buckler
rNeg    . . .      Spirit   .   h - +0 chain mail
rPois   .          Reflect  .   (helmet restricted)
rElec   .          Harm     .   n - +1 cloak
rCorr   .          Rampage  .   u - +0 pair of gloves
Will    .....                   (no boots)
Stlth   ..........              (no amulet)
HPRegen 0.20/turn               v - +4 ring of protection
MPRegen 0.10/turn               x - +6 ring of strength

@: about to teleport
A: horns 2, retaliatory headbutt
a: Renounce Religion


You were on level 6 of the Dungeon.
You worshipped Xom.
You were a toy of Xom.
You visited 2 branches of the dungeon, and saw 7 of its levels.

You collected 271 gold pieces.
You spent 15 gold pieces at shops.


Innate Abilities, Weirdness & Mutations

You have a pair of horns on your head.
You reflexively headbutt those who attack you in melee.


   Skills:
 + Level 6.2 Fighting
 + Level 5.6 Long Blades
 + Level 6.2 Armour
 + Level 6.2 Shields


You had 6 spell levels left.
You didn't know any spells.
Your spell library contained the following spells:

 Spells                   Type           Power      Damage    Failure   Level
 Animate Skeleton         Necr           0%         N/A       97%         1
 Apportation              Tloc           0%         N/A       97%         1
 Summon Small Mammal      Summ           0%         N/A       97%         1
 Fireball                 Conj/Fire      0%         3d3       100%        5
 Starburst                Conj/Fire      0%         6d3       100%        6
 Ignition                 Fire           0%         3d3       100%        8

Inventory:

Hand Weapons
 a - a +0 long sword (weapon) {long}
 i - a +1 short sword of venom {short}
   (You took it off a kobold on level 1 of the Dungeon)
 p - a +4 quarterstaff of chaos {staff}
   (You took it off Crazy Yiuf on level 3 of the Dungeon)
 y - a +0 dagger {short}
   (You found it on level 3 of the Dungeon)
 A - a +4 flail {mace}
   (You took it off an orc on level 5 of the Dungeon)
Missiles
 e - 12 poisoned darts {throwing}
 l - 137 stones {throwing}
 m - 2 boomerangs (quivered) {throwing}
Armour
 c - a +0 buckler (worn)
 h - a +0 chain mail (worn)
   (You found it on level 1 of the Dungeon)
 n - a +1 cloak (worn)
   (You took it off Crazy Yiuf on level 3 of the Dungeon)
 u - a +0 pair of gloves (worn)
   (You found it on level 2 of the Dungeon)
Magical Staves
 w - a staff of earth {!astaff}
   (You found it on level 2 of the Dungeon)
Jewellery
 v - a +4 ring of protection (left hand)
   (You found it on level 2 of the Dungeon)
 x - a +6 ring of strength (right hand)
   (You found it on level 2 of the Dungeon)
Scrolls
 b - 4 scrolls of identify {unknown}
 f - a scroll of holy word {unknown}
 g - 2 scrolls of fog {unknown}
 j - a scroll of teleportation {@r4}
Potions
 d - a potion of might
 k - 4 potions of mutation {unknown}
 o - a potion of brilliance {unknown}
 r - a potion of heal wounds {unknown}
 s - a potion of lignification {unknown}
 t - a potion of curing {unknown}

Dungeon Overview and Level Annotations

Branches:
Dungeon (6/15)             Temple (1/1) D:4

Altars:
Dithmenos
Gozag
Hepliaklqana
Okawaru
Trog
Xom

Shops:
D:1 (

Annotations:
D:4 Menkaure
D:5 Eustachio

.. #. ####.##
...... # #....
.# #....##.#
#.......#
#....@#
#......O.......
#..............
###....##.####.
#.#.# ?# #...
.# ###. # #.


You could see an ogre.


Message History

You climb downwards.
Level annotation: Eustachio The ogre shouts!
The orc shouts!
The orc wizard shouts!
An orc comes into view. It is wielding a +0 dagger.
The orc wizard points at you and mumbles some strange words.
You are confused.
The orc closely misses you.
The orc shouts!
There is a stone staircase leading up here.
The orc hits you but does no damage.
In your confused state, you trip and fall back down the stairs.
Xom thinks this is hilarious!
The orc hits you but does no damage.
A black bear comes into view. 😕 HP[-1]
You take 1 damage, and now have 62/63 hp.
The orc hits you but does no damage. x2
In your confused state, you trip and fall back down the stairs.
Xom thinks this is hilarious!
The orc hits you but does no damage. The orc barely misses you.
You are too confused!
You closely miss the ogre. The ogre barely misses you.
The orc hits you with a +0 club. The orc misses you.
The orc wizard hits you but does no damage. 😕 HP[-1]
You take 1 damage, and now have 61/63 hp.
You're too confused to move!
You feel less confused. You block the ogre's attack.
The orc hits you with a +0 club. The orc hits you but does no damage.
You block the orc wizard's attack. 😕 HP[-1]
You take 1 damage, and now have 60/63 hp.
Aiming: Paralyse
Press: ? - help, Shift-Dir - straight line, f - ogre
Aim: an ogre, wielding a +0 giant club (chance to affect: 49%)
The ogre resists with some effort.
The orc completely misses you.
A howler monkey skeleton comes into view.
The ogre hits you with a +0 giant club!!
The orc closely misses you.
The orc wizard hits you but does no damage. 😮 HP[-20]
You take 20 damage, and now have 40/63 hp.
MASSIVE DAMAGE!! (PAUSE)
You slash the orc!
You kill the orc!
The orc closely misses you. You furiously retaliate!
You headbutt the orc. The orc wizard casts a spell at you.
The magic dart hits you but does no damage.
The ogre hits you with a +0 giant club!
* * * LOW HITPOINT WARNING * * *
😨 HP[-12]
You take 12 damage, and now have 28/63 hp.
You closely miss the orc. You headbutt the orc.
The orc hits you but does no damage. You block the orc wizard's attack.
The orc hits you but does no damage. You block the ogre's attack.
You hit the orc.
You kill the orc!
The orc hits you but does no damage.
The orc wizard hits you but does no damage.
You block the ogre's attack. The orc hits you but does no damage.
Items here: % ( )). 😨 HP[+1] "How about this?"
A monocle briefly appears over your left eye.
The orc wizard casts a spell.
The orc wizard flickers and vanishes!
Deactivating autopickup; reactivate with Ctrl-A.
An ogre comes into view. It is wielding a +0 giant club.
You hear some strange, mumbled words.
Something tries to affect you, but you resist.
The ogre shouts! 😨 HP[+1]
The ogre hits you with a +0 giant club!
* * * LOW HITPOINT WARNING * * *
😱 HP[-16]
You take 16 damage, and now have 14/63 hp.
MASSIVE DAMAGE!! (PAUSE) 😱 HP[+1] 😨 HP[+1]
There is a stone staircase leading down here.
The ogre hits you with a +0 giant club!
* * * LOW HITPOINT WARNING * * *
You climb downwards.
Reactivating autopickup.
There is a stone staircase leading up here. 😱 HP[-12]
You take 12 damage, and now have 4/63 hp.
Aiming: Paralyse
Press: ? - help, Shift-Dir - straight line, f - ogre
Aim: an ogre, wielding a +0 giant club (chance to affect: 49%)
The ogre resists with some effort.
The now-empty wand crumbles to dust.
You block the ogre's attack.
As you read the scroll labelled SETHRU GEUSSEPP, it crumbles to dust.
It is a scroll of enchant weapon.
Your +3 flail {mace} glows red for a moment.
As you read the scroll labelled TICZOF COKLI, it crumbles to dust.
You feel strangely unstable.
It was a scroll of teleportation.
The ogre hits you with a +0 giant club!
You die...
Xom guffaws!

Skill      XL: |  1  2  3  4  5  6  7 |
---------------+----------------------+-----
Armour         | 4 5 6 |  6.2
Shields        | 4 5 6 |  6.2
Fighting       | 4 5 6 |  6.2
Long Blades    | 3 4 5 |  5.6

Action                   |  1- 3 |  4- 6 |  7- 9 || total
-------------------------+-------+-------+-------++-------
Melee: Long sword        |    19 |    33 |    51 ||   103
       Headbutt          |     8 |    23 |    10 ||    41
       Short sword       |    35 |   105 |       ||   140
       Unarmed           |       |     2 |       ||     2
Throw: Boomerang         |     1 |    17 |    32 ||    50
       Dart              |     1 |       |       ||     1
Evoke: Wand              |       |       |     2 ||     2
  Use: Scroll            |       |       |     2 ||     2
Armor: Scale mail        |     6 |       |       ||     6
       Chain mail        |    15 |    81 |    40 ||   136
Dodge: Dodged            |    22 |    38 |    24 ||    84
Block: Buckler           |     8 |    33 |    16 ||    57

Levels and vault maps discovered:
D:1:      dpeg_arrival_rooms_with_view, layout_basic, serial_shops,
          nicolae_diamond_shop, minmay_ruptured
D:2:      minmay_chambers_of_twos, layout_loops_ring,
          hellmonk_ecumenical_altar_crossroads
D:3:      layout_basic, serial_curves, eino_curves_02, eino_curves_02,
          eino_curves_02, uniq_crazy_yiuf_cottage, uniq_jessica
D:4:      layout_loops_ring, minmay_temple_entry_mist, uniq_menkaure
D:5:      layout_loops_ring, uniq_eustachio
D:6:      layout_loops_cross, uniq_prince_ribbit1, uniq_pikel
Temple:   mainiacjoe_temple_cubbyholes

Notes
Turn   | Place    | Note
-------+----------+-------------------------------------------
     0 | D:1      | Faeu the Minotaur Fighter began the quest for the Orb.
     0 | D:1      | Reached XP level 1. HP: 19/19 MP: 0/0
     0 | D:1      | magus.rc [v1.9.6]
   105 | D:1      | Reached XP level 2. HP: 27/27 MP: 1/1
   321 | D:1      | HP: 6/27 [poisoned by a kobold]
   325 | D:1      | HP: 2/27 [poisoned by a kobold]
   751 | D:1      | Reached skill level 4 in Armour
   751 | D:1      | Reached skill level 4 in Shields
   807 | D:1      | Reached skill level 4 in Fighting
   958 | D:1      | Found Nithroen's Weapon Shoppe.
   964 | D:1      | Bought 3 boomerangs for 15 gold pieces
  1074 | D:1      | Reached skill level 3 in Long Blades
  1074 | D:1      | Reached XP level 3. HP: 33/33 MP: 2/2
  1283 | D:3      | Found a runed translucent door.
  1284 | D:3      | Noticed Crazy Yiuf
  1291 | D:3      | Killed Crazy Yiuf
  1376 | D:3      | Reached XP level 4. HP: 41/41 MP: 3/3
  1621 | D:2      | Found a faded altar of an unknown god.
  2119 | D:2      | Reached XP level 5. HP: 47/47 MP: 4/4
  2444 | D:3      | Noticed Jessica
  2449 | D:3      | Killed Jessica
  2487 | D:3      | Reached skill level 4 in Long Blades
  2597 | D:3      | Reached skill level 5 in Fighting
  2597 | D:3      | Reached skill level 5 in Armour
  2597 | D:3      | Reached skill level 5 in Shields
  2705 | D:3      | You pick up a book of Cantrips and begin reading...
  2705 | D:3      | You add the spells Animate Skeleton, Summon Small Mammal
                  | and Apportation to your library.
  3080 | D:4      | Noticed a black bear
  3088 | D:4      | Killed a black bear
  3089 | D:4      | Reached XP level 6. HP: 53/56 MP: 5/5
  3332 | D:5      | Entered Level 5 of the Dungeon
  3356 | D:5      | Reached skill level 5 in Long Blades
  3356 | D:5      | Reached XP level 7. HP: 58/62 MP: 6/6
  3490 | D:5      | Reached skill level 6 in Fighting
  3490 | D:5      | Reached skill level 6 in Armour
  3490 | D:5      | Reached skill level 6 in Shields
  3949 | D:4      | Noticed Menkaure
  4152 | D:4      | Found a staircase to the Ecumenical Temple.
  4167 | Temple   | Entered the Ecumenical Temple
  4244 | Temple   | Became a worshipper of Xom of Many Doors
  4405 | D:4      | You pick up a book of Fire and begin reading...
  4405 | D:4      | You add the spells Fireball, Starburst and Ignition to your
                  | library.
  4714 | D:5      | Noticed Eustachio
  4748 | D:5      | XOM: silly message
  4755 | D:5      | HP: 14/63 [ogre/+0 giant club (16)]
  4765 | D:5      | HP: 3/63 [ogre/+0 giant club (13)]
  4769 | D:6      | Mangled by an ogre

Vanquished Creatures
  A black bear (D:4)
  2 phantoms (D:5)
  A scorpion (D:5)
  A centaur zombie (D:5)
  A bullfrog zombie (D:3)
  2 hounds
  Crazy Yiuf (D:3)
  A bullfrog skeleton (D:4)
  3 iguanas
  Jessica (D:3)
  3 gnolls (D:4)
  9 adders
  A shadow imp (D:5)
  A white imp (D:5)
  An adder zombie (D:5)
  2 dart slugs (D:5)
  8 orcs
  6 ball pythons
  7 endoplasms
  6 giant cockroaches
  13 goblins
  2 hobgoblins
  2 jackals (D:2)
  6 kobolds
  4 quokkas
  3 bats
  4 frilled lizards
  9 rats
101 creatures vanquished.

Table legend:
 A = Non-vault XP
 B = Vault XP
 C = Vault XP percentage of total XP
 D = Non-vault monster count
 E = Vault monster count
 F = Vault count percentage of total count
                 A         B        C        D         E       F
            +---------+---------+-------+---------+---------+-------
      Total |    1026 |     116 |  10.2 |      88 |      13 |  12.9
            +---------+---------+-------+---------+---------+-------
        D:1 |      39 |       5 |  11.4 |      24 |       3 |  11.1
        D:2 |      61 |      35 |  36.5 |      21 |       8 |  27.6
        D:3 |     148 |      76 |  33.9 |      13 |       2 |  13.3
        D:4 |     323 |       0 |   0.0 |      16 |       0 |   0.0
        D:5 |     455 |       0 |   0.0 |      14 |       0 |   0.0
            +---------+---------+-------+---------+---------+-------

Illustrated notes

Table legend:
 A = Kills in this place as a percentage of kills in entire the game.
 B = Kills by you in this place as a percentage of kills by you in the entire game.
 C = Kills by friends in this place as a percentage of kills by friends in the entire game.
 D = Other kills in this place as a percentage of other kills in the entire game.
 E = Experience gained in this place as a percentage of experience gained in the entire game.
 F = Experience gained in this place divided by the number of levels of this place that you have seen.
                   A       B       C       D       E      F
               +-------+-------+-------+-------+-------+----------------------
         Total | 100.0 | 100.0 |   N/A |   N/A | 100.0 | 163.1
       Dungeon | 100.0 | 100.0 |   N/A |   N/A | 100.0 | 190.3
               +-------+-------+-------+-------+-------+----------------------

Table legend: (Time is in decaauts)
 A = Elapsed time spent in this place.
 B = Non-inter-level travel time spent in this place.
 C = Inter-level travel time spent in this place.
 D = Time resting spent in this place.
 E = Time spent auto-exploring this place.
 F = Levels seen in this place.
 G = Mean time per level.
                   A        B        C        D        E       F      G
               +--------+--------+--------+--------+--------+-----+--------+
         Total |   4819 |   4718 |    101 |    450 |   2480 |   7 |  688.4 |
       Dungeon |   4588 |   4487 |    101 |    450 |   2443 |   6 |  764.7 |
        Temple |    230 |    230 |      0 |      0 |     37 |   1 |  230.0 |
               +--------+--------+--------+--------+--------+-----+--------+

Top non-repeatable levels by time:
     D:1: 1280 daAuts
     D:2: 1040 daAuts
     D:4: 982 daAuts
     D:3: 851 daAuts
     D:5: 431 daAuts
  Temple: 230 daAuts
     D:6: 2 daAuts
